Jalkik, chaotic male human Wizard ----- --- |...| ---.---. --- |...| |....... ---.-- |.--- |....... --....| ---.-- ----.... |.....-- |....--------... --.....|u- |..............| ----- |.....^@. --.....------.-- |)..--- ---...... --...... |.| |.....| --.... --...(....| |.| ---...------^--- |....))%.%| |.--- ---....|...| ---.|..(%)..| |...---------...|.--- |...|[.....%| ---................ ------ ---.---...%.|)| --...------....... --....-- --...| .....-|.| |......|.--...... --....%%-- --....| ... |.| |......%......... |........----.....-----....-- --.| --.---..--------. -........................--- |..| --- ---- ......----..............-- |.<| ---.|.---------- ---- ----- Jalkik the Thaumaturge Experience level: 8 Strength: 10 Dexterity: 12 Constitution: 16 Intelligence: 17 Wisdom: 15 Charisma: 7 Health: 0(68) Energy: 100(124) AC: 5 Gold: 357 Moves: 2828 Your Inventory: Coins $ - 357 gold pieces Weapons a - a blessed +1 quarterstaff (weapon in hands) Armor b - an uncursed +0 cloak of magic resistance (being worn) y - an [uncursed +0] iron skull cap [orcish helm] A - a cursed -3 hard hat [dwarvish iron helm] (being worn) B - an [uncursed] +0 pair of hard shoes [iron] (being worn) Comestibles v - an [uncursed] tripe ration x - an [uncursed] food ration z - an [uncursed] orange C - an [uncursed] fortune cookie Scrolls i - an uncursed scroll of earth j - an uncursed scroll of create monster k - an uncursed scroll of enchant weapon q - 3 [uncursed] scrolls labeled EIRIS SAZUN IDISI [of identify] u - 2 [uncursed] scrolls labeled YUM YUM [of light] Spellbooks l - a blessed spellbook of force bolt m - an uncursed spellbook of cure sickness E - an [uncursed] turquoise spellbook [of levitation] Potions f - an uncursed potion of invisibility g - an uncursed potion of booze h - an uncursed potion of restore ability p - an [uncursed] puce potion [of extra healing] s - an [uncursed] clear potion [of water] t - a [cursed] indigo potion [of fruit juice] w - an [uncursed] swirly potion [of blindness] Rings d - an uncursed +3 ring of protection (on right hand) e - an uncursed ring of polymorph Wands c - an uncursed wand of magic missile (0:5) Tools n - an uncursed magic marker (0:75) o - an uncursed blindfold Spells known in the end: Name Level Category Fail Memory a - force bolt 1 attack 10% [|||||||.] b - cure sickness 3 healing 96% [|||||||.] Your skills at the end: Fighting Skills Weapon Skills quarterstaff [Basic / Expert] Spellcasting Skills attack spells [Basic / Expert] enchantment spells [Basic / Skilled] Final Attributes: You were piously aligned. Hunger level was 819. Your alignment was 23 / 24. Monster difficulty range was 0 - 6. Level difficulty was 5. You were magic-protected. You were protected. Your luck was zero. You are dead. Vanquished creatures: a giant beetle 6 wolves a dwarf mummy a dingo a snake an ape 3 human zombies 5 Uruk-hai 2 gnome lords a gnomish wizard 2 black naga hatchlings a ghoul a kitten 4 dwarves a rabid rat 2 orc zombies a wererat an iguana an acid blob a gas spore 3 hobbits 2 giant rats a green mold 24 gnomes 2 garter snakes 2 geckos 2 jackals 2 kobolds 2 goblins a sewer rat 2 lichens 3 newts 83 creatures vanquished. Voluntary challenges: You were an atheist. You used a wielded weapon 110 times. You read items or engraved 912 times. You put on armor 3 times. You never genocided any monsters. You never polymorphed an object. You never changed form. You used no wishes. You wrote Elbereth's name 208 times. You never encountered a bones level. You never used any Sokoban shortcuts. Dungeon overview: The Dungeons of Doom: levels 1 to 3 Level 1 a fountain a long staircase Level 2 some fountains Level 3 stairs to The Gnomish Mines The Gnomish Mines: levels 4 to 5 Level 4 stairs to The Dungeons of Doom Level 5 <- You were here History has recorded: On T:1 you entered the Dungeons of Doom to retrieve the Amulet of Yendor! On T:301 you reached level 2 of The Dungeons of Doom. On T:355 you advanced to experience level 2. On T:500 you advanced to experience level 3. On T:703 you reached level 3 of The Dungeons of Doom. On T:722 you advanced to experience level 4. On T:831 you advanced to experience level 5. On T:934 you reached level 1 of The Gnomish Mines. On T:1012 you advanced to experience level 6. On T:1405 you reached level 2 of The Gnomish Mines. On T:1424 you advanced to experience level 7. On T:2350 you advanced to experience level 8. Latest messages: You step onto a level teleport trap! You feel a wrenching sensation. The white unicorn just misses! The white unicorn kicks! The white unicorn misses. The white unicorn kicks! [HP-7=52] The white unicorn butts! The white unicorn kicks! The white unicorn butts! The white unicorn kicks! [HP-26=26] The spell hits the white unicorn! The white unicorn resists! The white unicorn butts! The white unicorn kicks! The white unicorn misses. The white unicorn kicks! [HP-21=5] The spell misses the white unicorn. The white unicorn butts! You die... Final status: Goodbye Jalkik the Wizard... You died in The Gnomish Mines on dungeon level 5 with 4466 points, and 357 pieces of gold, after 2828 moves. You were level 8 with a maximum of 68 hit points when you died.